details: 'AoWHarass'

« prev index next »

General information

Mini Map

Players

team 1
NightElfDexanth (red | 90 APM | 1361 actions | 15:04)
Hero icon 4 Demon Hunter
Ability icon 2 Mana Burn
Ability icon 2 Evasion
Hero icon 3 Naga Sea Witch
Ability icon 2 Frost Arrows
Ability icon 1 Forked Lightning

» actions
Assign group hotkey32
Basic commands5
Build / train51
Enter build submenu17
Enter hero's abilities submenu7
Give item / drop item4
Remove unit from queue1
Right click661
Select / deselect233
Select group hotkey284
Use ability66
1361 total
» units
Wisp14
Druid of the Claw5
Dryad6
25 total
» upgrades
Ultravision1
Druid of the Claw Training2
Abolish Magic1
Well Spring1
Reinforced Hides1
6 total
» buildings
Altar of Elders1
Moon Well6
Ancient of War2
Tree of Ages1
Hunter's Hall1
Ancient of Wonders1
Ancient of Lore2
Tree of Eternity1
Tree of Life1
16 total
» build order
00:07 Altar of Elders
00:18 Moon Well
01:19 Ancient of War
01:30 Moon Well
02:46 Tree of Ages
03:23 Hunter's Hall
03:26 Ancient of Wonders
03:42 Moon Well
04:08 Ancient of War
04:17 Moon Well
05:11 Ancient of Lore
05:12 Ancient of Lore
06:09 Tree of Eternity
09:32 Moon Well
10:25 Tree of Life
12:25 Moon Well
» items
Boots of Speed2
Staff of Teleportation1
Orb of Venom1
Staff of Preservation1
Scroll of Town Portal1
6 total
team 2
NightElfpractice-id (green | 154 APM | 2320 actions | 15:02)
Hero icon 3 Demon Hunter
Ability icon 2 Mana Burn
Ability icon 1 Evasion
Hero icon 3 Naga Sea Witch
Ability icon 1 Frost Arrows
Ability icon 2 Forked Lightning

» actions
Assign group hotkey22
Basic commands84
Build / train72
ESC pressed3
Enter build submenu12
Enter hero's abilities submenu6
Give item / drop item3
Right click779
Select / deselect471
Select group hotkey789
Use ability79
2320 total
» units
Wisp15
Archer5
Druid of the Claw8
Dryad3
31 total
» upgrades
Druid of the Claw Training2
Strength of the Wild2
Abolish Magic1
Reinforced Hides1
Mark of the Claw1
7 total
» buildings
Altar of Elders1
Ancient of War1
Moon Well6
Tree of Ages2
Hunter's Hall1
Tree of Eternity4
Ancient of Lore2
Ancient of Wonders1
18 total
» build order
00:08 Altar of Elders
00:23 Ancient of War
00:25 Moon Well
01:39 Moon Well
03:12 Tree of Ages
03:13 Tree of Ages
03:16 Moon Well
04:06 Hunter's Hall
06:08 Tree of Eternity
06:30 Tree of Eternity
06:31 Tree of Eternity
06:33 Ancient of Lore
06:40 Ancient of Lore
06:44 Ancient of Wonders
07:47 Moon Well
10:26 Moon Well
11:38 Moon Well
» items
Staff of Preservation2
Orb of Venom1
Scroll of Town Portal1
Lesser Clarity Potion1
Potion of Healing1
6 total